 Dungeon Sprint DCSS version 0.22-a0-460-g49b1da7 (webtiles) character file.

1029 emperorscorpion the Unseen (level 8, -2/42 HPs)
             Began as a Vine Stalker Assassin on June 9, 2018.
             Was a Follower of Uskayaw.
             Slain by a vampire (4 damage)
             ... in the Dungeon (Sprint IX: "|||||||||||||||||||||||||||||").
             The game lasted 00:03:02 (493 turns).

emperorscorpion the Unseen (Vine Stalker Assassin)   Turns: 493, Time: 00:03:02

Health: -2/42      AC:  4    Str: 17    XL:     8   Next: 23%
Magic:  0/10       EV: 14    Int: 12    God:    Uskayaw [*.....]
Gold:   0          SH:  0    Dex: 20    Spells: 7/7 levels left

rFire    . . .     SeeInvis .   a - +2 scimitar (elec)
rCold    . . .     Gourm    .   (no shield)
rNeg     . . .     Faith    .   c - +0 robe
rPois    .         Spirit   +   (no helmet)
rElec    .         Reflect  .   d - +0 cloak
rCorr    .         Harm     .   u - +0 pair of gloves
MR       +....     NoTele   +   (no boots)
Stlth    +++++++...             (no amulet)
HPRegen  0.54/turn              w - +3 ring of dexterity
MPRegen  0.12/turn              x - +3 ring of strength

@: no status effects
A: fangs 3, regeneration 1, magic shield, antimagic bite, no potion heal 3, rot
immunity
a: Stomp, Renounce Religion


You were in the Dungeon.
You worshipped Uskayaw.
Uskayaw was noncommittal.
You were hungry.

You visited 1 branch

Inventory:

Hand Weapons
 a - a +2 scimitar of electrocution (weapon)
 b - a +0 blowgun
 r - a +2 rapier of distortion
 s - a +2 dagger
Missiles
 e - 8 poisoned needles
 f - 2 curare-tipped needles
Armour
 c - a +0 robe (worn)
 d - a +0 cloak (worn)
 t - a +0 cloak
 u - a +0 pair of gloves (worn)
 v - a +0 plate armour
Magical Staves
 q - an uncursed staff of energy
Jewellery
 w - a +3 ring of dexterity (left hand)
 x - a +3 ring of strength (right hand)
Wands
 p - a wand of iceblast (2)
Scrolls
 m - 2 scrolls of blinking
 n - 3 scrolls of remove curse
 o - 2 scrolls of amnesia
Potions
 h - 3 potions of curing
 i - 3 potions of heal wounds
 j - a potion of haste
 k - 4 potions of magic
 l - a potion of invisibility
Comestibles
 g - a ration
 z - 4 chunks of flesh


   Skills:
 + Level 4.8 Fighting
 - Level 2.2(3.1) Short Blades
 + Level 3.4(3.8) Long Blades
 + Level 3.5 Throwing
 + Level 3.1 Dodging
 * Level 18.4 Stealth
 * Level 2.1 Invocations
 - Level 1.4 Evocations


You had 7 spell levels left.
You didn't know any spells.
Your spell library was empty.

Dungeon Overview and Level Annotations

Branches:
Dungeon (1/1)

Altars:
Cheibriados
Dithmenos
Elyvilon
Fedhas
Gozag
Hepliaklqana
Kikubaaqudgha
Makhleb
Nemelex Xobeh
Okawaru
Qazlal
Ru
Sif Muna
Trog
Uskayaw
Vehumet
Wu Jian
Xom
Yredelemnul
Zin
The Shining One
Beogh
Jiyva
Lugonu


Innate Abilities, Weirdness & Mutations

You have razor-sharp teeth.
Your natural rate of healing is unusually fast.
When hurt, damage is shared between your health and your magic reserves.
Your bite disrupts and absorbs the magic of your enemies.
Potions cannot restore your health.
You are immune to rotting.


Message History

a club; a dagger The hippogriff changes into a moth of wrath!
There is an open door to the Dungeon, spattered with blood here.
You see here a stone.
Things that are here:
a whip; a leather armour You hear some strange, mumbled words.
You are confused.
Something tries to affect you, but you resist.
There is a staircase leading out of the dungeon here.
Your system rejects the healing.
You feel better.
You hit something. Lightning courses through something! Something hits you!
* * * LOW HITPOINT WARNING * * *
Something bites you but does no damage.
You miss something. You bite something.
The moth of wrath changes into a manticore!
Something hits you!
* * * LOW HITPOINT WARNING * * *
Something bites you.
You die... ▓▓▓▓▓▓▓▓▓▓▓▓▓▓▓▓▓▓▓ _'.....'....)cH)@<▓ ▓▓▓▓▓▓▓▓▓▓▓▓▓▓▓▓▓▓▓

You could see a manticore shaped shifter and a centaur.

Vanquished Creatures
  A two-headed ogre (D)
  A hungry ghost (D)
  A sky beast (D)
  A scorpion (D)
  A jelly (D)
  A gnoll shaman (D)
  3 adders (D)
  A shadow imp (D)
  A bat skeleton (D)
  A giant cockroach (D)
  A hobgoblin (D)
  A quokka (D)
  A frilled lizard (D)
  A kobold (D)
  A quokka skeleton (D)
  2 rats (D)
19 creatures vanquished.

Notes
Turn   | Place    | Note
-------+----------+-------------------------------------------
     0 | D        | emperorscorpion the Vine Stalker Assassin began the quest for the Orb.
     0 | D        | Reached XP level 1. HP: 11/11 MP: 2/2
     5 | D        | Reached skill level 5 in Stealth
    20 | D        | Reached skill level 6 in Stealth
   173 | D        | Noticed a gnoll shaman
   195 | D        | Reached skill level 7 in Stealth
   195 | D        | Reached XP level 2. HP: 13/15 MP: 1/3
   198 | D        | Reached skill level 1 in Dodging
   198 | D        | Reached skill level 9 in Stealth
   198 | D        | Reached XP level 3. HP: 16/18 MP: 4/4
   214 | D        | Found a roughly hewn altar of Beogh.
   214 | D        | Found a snail-covered altar of Cheibriados.
   214 | D        | Found a shadowy altar of Dithmenos.
   214 | D        | Found a white marble altar of Elyvilon.
   214 | D        | Found a blossoming altar of Fedhas.
   214 | D        | Found an opulent altar of Gozag.
   215 | D        | Found a hazy altar of Hepliaklqana.
   216 | D        | Found a viscous altar of Jiyva.
   217 | D        | Found an ancient bone altar of Kikubaaqudgha.
   218 | D        | Found a corrupted altar of Lugonu.
   219 | D        | Found a burning altar of Makhleb.
   220 | D        | Found a sparkling altar of Nemelex Xobeh.
   221 | D        | Found an iron altar of Okawaru.
   222 | D        | Found a stormy altar of Qazlal.
   223 | D        | Found a sacrificial altar of Ru.
   224 | D        | Found a deep blue altar of Sif Muna.
   225 | D        | Found a bloodstained altar of Trog.
   226 | D        | Found a hide-covered altar of Uskayaw.
   227 | D        | Found a radiant altar of Vehumet.
   228 | D        | Found an ornate altar of the Wu Jian Council.
   229 | D        | Found a shimmering altar of Xom.
   230 | D        | Found a basalt altar of Yredelemnul.
   231 | D        | Found a glowing silver altar of Zin.
   232 | D        | Found a glowing golden altar of the Shining One.
   234 | D        | Became a worshipper of Uskayaw the Reveler
   251 | D        | Found the +8 mithril axe "Arga" {speed, MR+}
   290 | D        | Noticed a two-headed ogre
   315 | D        | Reached skill level 10 in Stealth
   315 | D        | Gained mutation: Your natural rate of healing is unusually fast. [Vine Stalker growth]
   315 | D        | Reached XP level 4. HP: 23/23 MP: 5/5
   315 | D        | Reached * piety under Uskayaw
   317 | D        | Reached ** piety under Uskayaw
   319 | D        | Reached *** piety under Uskayaw
   320 | D        | HP: 1/23 [two-headed ogre/giant spiked club (16)]
   321 | D        | Killed a two-headed ogre
   321 | D        | Reached skill level 17 in Stealth
   321 | D        | Reached skill level 1 in Evocations
   321 | D        | Reached XP level 5. HP: 2/30 MP: 0/7
   321 | D        | Reached XP level 6. HP: 2/34 MP: 0/8
   321 | D        | Reached XP level 7. HP: 2/38 MP: 0/9
   322 | D        | Reached **** piety under Uskayaw
   405 | D        | Noticed an orb spider
   405 | D        | Noticed a vampire
   405 | D        | Noticed a hungry ghost
   410 | D        | Killed a hungry ghost
   410 | D        | Reached skill level 18 in Stealth
   410 | D        | Reached skill level 1 in Invocations
   410 | D        | Gained mutation: You have razor-sharp teeth. [Vine Stalker growth]
   410 | D        | Reached XP level 8. HP: 39/42 MP: 8/10
   421 | D        | Reached ***** piety under Uskayaw
   423 | D        | HP: 2/42 [something (7)]
   427 | D        | Noticed a hippogriff
   427 | D        | an orb spider changed into a hippogriff
   485 | D        | Noticed a moth of wrath
   485 | D        | a hippogriff changed into a moth of wrath
   493 | D        | Noticed a manticore
   493 | D        | a moth of wrath changed into a manticore
   493 | D        | HP: 2/42 [something (8)]
   493 | D        | Slain by a vampire

Vault maps used:
D:        linesprint

Skill      XL: |  1  2  3  4  5  6  7  8 |
---------------+-------------------------+-----
Stealth        | 7 9 10 17 18 | 18.4
Fighting       | 2 4 |  4.8
Short Blades   | 2 |  2.2
Throwing       | 2 3 |  3.5
Dodging        | 1 2 3 |  3.1
Long Blades    | 2 3 |  3.4
Evocations     | 1 |  1.4
Invocations    | 1 2 |  2.1

Action                   |  1- 3 |  4- 6 |  7- 9 || total
-------------------------+-------+-------+-------++-------
Melee: Dagger            |    31 |       |       ||    31
       Bite              |    10 |       |    11 ||    21
       Scimitar          |     1 |     1 |    30 ||    32
Evoke: Wand              |       |     4 |     4 ||     8
  Use: Potion            |     1 |       |     2 ||     3
 Stab: Sleeping          |     1 |       |     1 ||     2
       Paralysed         |       |       |     1 ||     1
Armor: Robe              |     2 |       |    10 ||    12
Dodge: Dodged            |    10 |       |    14 ||    24
       Rpst.: Scimitar   |       |       |     5 ||     5

Table legend:
 A = Spawn XP
 B = Non-spawn XP
 C = Spawn XP percentage of total XP
 D = Spawn monster count
 E = Non-spawn monster count
 F = Spawn count percentage of total count
 G = Total turns spent on level
                    A         B        C        D         E        F      G
               +---------+---------+-------+---------+---------+-------+---------
         Total |       0 |    1471 |   0.0 |       0 |      19 |   0.0 |   493
               +---------+---------+-------+---------+---------+-------+---------
             D |       0 |    1471 |   0.0 |       0 |      19 |   0.0 |   493
               +---------+---------+-------+---------+---------+-------+---------
